 Dungeon Crawl Stone Soup version 0.21-a0-450-gd87a9b2 (webtiles) character file.

60 sagitran the Grasshopper (level 3, -2/18 HPs)
             Began as a Spriggan Warper on Nov 18, 2017.
             Slain by a leopard gecko (4 damage)
             ... on level 2 of the Dungeon.
             The game lasted 00:11:43 (2241 turns).

sagitran the Grasshopper (Spriggan Warper)          Turns: 2241, Time: 00:11:43

Health: -2/18      AC:  2    Str:  7    XL:     3   Next: 80%
Magic:  8/8        EV: 19    Int: 15    God:
Gold:   47         SH:  0    Dex: 15    Spells: 1/8 levels left

rFire    . . .     SeeInvis +   a - +0 short sword
rCold    . . .     Gourm    .   (shield restricted)
rNeg     . . .     Faith    .   b - +0 robe
rPois    .         Spirit   .   (helmet restricted)
rElec    .         Reflect  .   (no cloak)
rCorr    .         Harm     .   (gloves unavailable)
MR       .....                  (boots unavailable)
Stlth    ++........             (no amulet)
HPRegen  0.06/turn              (no ring)
MPRegen  0.11/turn              (no ring)

@: very quick
A: unfitting armour, see invisible, herbivore 3, speed 3, slow metabolism 2
a: no special abilities


You were on level 2 of the Dungeon.
You were not hungry.

You visited 1 branch of the dungeon, and saw 2 of its levels.

You collected 47 gold pieces.

Inventory:

Hand Weapons
 a - a +0 short sword (weapon)
 p - a +0 hunting sling
Missiles
 e - 4 tomahawks of dispersal (quivered)
Armour
 b - a +0 robe (worn)
Scrolls
 d - a scroll of blinking
 h - a scroll of identify {unknown}
 i - 2 scrolls of remove curse {unknown}
 j - a scroll of fear
 k - a scroll of amnesia {unknown}
 m - a scroll of immolation {unknown}
 n - a scroll of teleportation {unknown}
Books
 c - a book of Spatial Translocations

   Spells                             Type                      Level
   a - Blink                          Translocation                2
   b - Shroud of Golubria             Charms/Translocation         2
   c - Lesser Beckoning               Translocation                3
   d - Gell's Gravitas                Translocation                3
   e - Teleport Other                 Translocation                3
   f - Passage of Golubria            Translocation                4
Comestibles
 f - a bread ration
 l - a royal jelly


   Skills:
 + Level 1.6 Fighting
 + Level 3.8 Short Blades
 + Level 1.0 Throwing
 + Level 4.0 Dodging
 + Level 1.2 Stealth
 + Level 3.2 Spellcasting
 + Level 4.4 Translocations


You had one spell level left.
You knew the following spells:

 Your Spells              Type           Power        Failure   Level  Hunger
a - Blink                 Tloc           N/A          4%          2    ##.....
b - Shroud of Golubria    Chrm/Tloc      #.........   12%         2    ##.....
c - Teleport Other        Tloc           ###.....     10%         3    ###....


Dungeon Overview and Level Annotations

Branches:
Dungeon (2/15)

Altars:


Innate Abilities, Weirdness & Mutations

You are very small and have problems with some larger weapons.
You are too small for most types of armour.
You have supernaturally acute eyesight. (SInv)
You are a herbivore.
You cover ground extremely quickly.
You need consume almost no food.


Message History

The leopard gecko completely misses you.
You hit the leopard gecko but do no damage.
The leopard gecko is severely wounded.
You are starting to lose your buoyancy.
The leopard gecko bites you.
* * * LOW HITPOINT WARNING * * *
The leopard gecko misses you.
You barely miss the leopard gecko.
The leopard gecko is severely wounded.
The leopard gecko misses you.
Your resistance to elements expires.
An adder comes into view.
You aren't carrying any potions.
You hit the leopard gecko but do no damage.
The leopard gecko is severely wounded.
The leopard gecko completely misses you.
You hit the leopard gecko.
The leopard gecko is almost dead.
You float gracefully downwards.
The leopard gecko bites you.
You die...

###...##
#w# ..w.##
#.# .....#
#w# .....#
#.#
......#
#.#
#......#
#.#
###......#
#.# ..#
#l# #.#
###@# #.#
#...# ..#
#.### #.#
#. ..# #.
... ..
#.#( ..
#.# #.S
..# #..


You could see a dart slug and a leopard gecko.

Vanquished Creatures
  An adder (D:2)
  2 worms (D:2)
  2 dart slugs
  A leopard gecko (D:1)
  A ball python (D:1)
  5 giant cockroaches
  6 goblins
  5 hobgoblins
  2 kobolds
  5 bats
  6 frilled lizards
  A rat (D:1)
37 creatures vanquished.

Notes
Turn   | Place    | Note
-------+----------+-------------------------------------------
     0 | D:1      | sagitran the Spriggan Warper began the quest for the Orb.
     0 | D:1      | Reached XP level 1. HP: 10/10 MP: 5/5
   259 | D:1      | Reached XP level 2. HP: 11/14 MP: 7/7
  1529 | D:2      | Found a faded altar of an unknown god.
  1977 | D:2      | Reached XP level 3. HP: 15/18 MP: 8/8
  1981 | D:2      | Learned a level 2 spell: Blink
  1984 | D:2      | Learned a level 2 spell: Shroud of Golubria
  1988 | D:2      | Learned a level 3 spell: Teleport Other
  2028 | D:2      | Reached skill level 1 in Stealth
  2241 | D:2      | Slain by a leopard gecko

Vault maps used:
D:1:      lemuel_arrival_rhombus
D:2:      minmay_wonky_spiral, chequers_ecumenical_altar_simple_redux

Skill      XL: |  1  2  3 |
---------------+----------+-----
Spellcasting   | 3 |  3.2
Short Blades   | 3 |  3.8
Stealth        | 1 |  1.2
Dodging        | 4 |  4.0
Fighting       | |  1.6
Throwing       | |  1.0
Translocations | |  4.4

Action                   || total
-------------------------++-------
Melee: Short sword       ||   191
Throw: Tomahawk          ||     1
  Use: Scroll            ||     1
       Potion            ||     2
 Stab: Sleeping          ||     2
Armor: Robe              ||    23
Dodge: Dodged            ||   179

Table legend:
 A = Spawn XP
 B = Non-spawn XP
 C = Spawn XP percentage of total XP
 D = Spawn monster count
 E = Non-spawn monster count
 F = Spawn count percentage of total count
 G = Total turns spent on level
                    A         B        C        D         E        F      G
               +---------+---------+-------+---------+---------+-------+---------
         Total |       0 |      86 |   0.0 |       0 |      37 |   0.0 |  2241
               +---------+---------+-------+---------+---------+-------+---------
           D:1 |       0 |      36 |   0.0 |       0 |      21 |   0.0 |  1922
           D:2 |       0 |      50 |   0.0 |       0 |      16 |   0.0 |   319
               +---------+---------+-------+---------+---------+-------+---------
